 Dungeon Crawl Stone Soup version 0.30-a0-953-g5f1da4a474 (webtiles) character file.

Game seed: 137108509318235938

3288 IdlyInterested the Carver (level 9, -3/71 HPs)
             Began as a Demonspawn Gladiator on Mar 28, 2023.
             Slain by a yak (13 damage)
             ... on level 7 of the Dungeon.
             The game lasted 00:21:34 (7287 turns).

IdlyInterested the Carver (Demonspawn Gladiator)    Turns: 7287, Time: 00:21:35

Health: -3/71      AC: 13    Str: 15    XL:     9   Next: 69%
Magic:  9/9        EV:  6    Int:  9    God:
Gold:   439        SH: 13    Dex: 25    Spells: 8/8 levels left

rFire   . . .      SeeInvis .    R - +5 long sword
rCold   . . .      Faith    .    v - +0 kite shield
rNeg    . . .      Spirit   .    w - +1 chain mail
rPois   +          Reflect  .    c - +0 helmet
rElec   .          Rampage  .    C - +0 cloak
rCorr   .                        (no gloves)
Will    .....                    K - +0 pair of boots Stlth
                                 (no amulet)
HPRegen 0.31/turn                h - +6 ring of dexterity
MPRegen 0.11/turn                o - ring of poison resistance

@: mighty
A: demonic guardian 1, condensation shield
a: no special abilities


You were on level 7 of the Dungeon.
You visited 2 branches of the dungeon, and saw 8 of its levels.
You also visited: Sewer.

You collected 439 gold pieces.

Inventory:

Hand Weapons
 a - a +1 long sword
 s - the +6 short sword of the Warrior {drain, Str+2}
   (You found it on level 3 of the Dungeon)

   Str:       It affects your strength (+2).
 J - a +0 falchion
 R - a +5 long sword (weapon)
 S - a +0 long sword
Missiles
 d - 3 throwing nets
 e - a javelin
 g - 56 stones
 m - 16 poisoned darts (quivered)
 z - a boomerang
 T - a curare-tipped dart
Armour
 c - a +0 helmet (worn)
 n - a +0 tower shield
 v - a +0 kite shield (worn)
 w - a +1 chain mail (worn)
 C - a +0 cloak (worn)
 K - a +0 pair of boots (worn)
 L - a +2 robe of willpower
 O - a +0 plate armour
 P - the +0 ring mail of Ruilifib {Int+6}
   (You found it on level 6 of the Dungeon)

   Int:       It affects your intelligence (+6).
Jewellery
 b - an amulet of faith
 h - a +6 ring of dexterity (left hand)
 o - a ring of poison resistance (right hand)
 Q - a ring of see invisible
Wands
 A - a wand of flame (1)
Scrolls
 f - a scroll of enchant armour
 i - a scroll of enchant weapon
 k - 3 scrolls of fog
 y - a scroll of magic mapping
 D - 5 scrolls of teleportation
 E - 2 scrolls of fear
 G - a scroll of blinking
 U - a scroll of butterflies {unknown}
Potions
 j - a potion of brilliance
 l - 2 potions of magic
 p - 4 potions of resistance
 q - 2 potions of lignification
 r - a potion of attraction
 t - a potion of mutation
 u - a potion of curing
 x - a potion of flight {unknown}
 B - a potion of degeneration {unknown}
 F - a potion of cancellation {unknown}
 H - a potion of berserk rage {unknown}
 I - a potion of might


   Skills:
 + Level 6.8 Fighting
 * Level 9.1 Long Blades
 - Level 4.0 Throwing
 - Level 3.0 Armour
 - Level 3.0 Dodging
 - Level 3.0 Stealth
 - Level 4.0 Evocations


You had 8 spell levels left.
You didn't know any spells.
Your spell library was empty.

Dungeon Overview and Level Annotations

Branches:
Dungeon (7/15)             Temple (1/1) D:5           Sewer (visited)

Altars:
Ashenzari
Cheibriados
Dithmenos
Fedhas
Gozag
Hepliaklqana
Kikubaaqudgha
Nemelex Xobeh
Okawaru
Qazlal
Ru
Sif Muna
Trog
Uskayaw
Vehumet
Wu Jian
Xom
Yredelemnul


Innate Abilities, Weirdness & Mutations

A weak demonic guardian rushes to your aid.
A meltable shield of frost defends you. (SH +4)


Message History

You block the yak's attack.
You closely miss the yak.
The yak is heavily wounded.
The yak gores you!
You slash the yak!
The yak is heavily wounded.
The yak gores you!
* * * LOW HITPOINT WARNING * * *
The yak barely misses you.
You feel very mighty all of a sudden.
You are no longer corroded.
You block the yak's attack. The yak barely misses you.
You closely miss the yak.
The yak is heavily wounded.
You block the yak's attack. The yak gores you but does no damage.
You block the yak's attack. The yak gores you but does no damage.
You slash the yak!
The yak is almost dead.
The yak gores you but does no damage. You block the yak's attack.
You slash the yak!
You kill the yak!
The yak gores you but does no damage.
You slice the yak!!
The yak is severely wounded.
The yak gores you!
* * * LOW HITPOINT WARNING * * *
A demonic guardian appears!
The yak gores you.
* * * LOW HITPOINT WARNING * * *
You slice the yak!!
You kill the yak!
The yak gores you.
* * * LOW HITPOINT WARNING * * *
Your white imp hits the yak but does no damage.
Your Long Blades skill increases to level 9!
You slash the yak!
The yak is moderately wounded.
You block the yak's attack. x2; Your white imp barely misses the yak.
You slash the yak!
The yak is moderately wounded.
You block the yak's attack. The yak gores you!
You die...

.....#...###..........>#
........## ###.........#
..#....#####.#:YY......#
..##....##.....##Y......
#.##............##.....#
..##.##.........# .....#
#....##.......### .....
#....#....>....Y## ##..#
.##...........YY@# .##
#.#..##.....5### #
##.#.####.....#
.#.....####...##
........###..##
#......###...##
####...###.#..##
#...#..).....#
##..#..#.....#


You could see 3 yaks and a friendly white imp (summoned).

Vanquished Creatures
  2 yaks (D:7)
  Edmund (D:4)
  A water moccasin (D:6)
  2 ice beasts (D:6)
  3 black bears
  2 ogres
  A phantom (D:5)
  A kobold brigand (D:7)
  3 bullfrogs
  3 scorpions
  2 gnoll sergeants
  8 wights
  2 electric eels (D:6)
  2 howler monkeys (D:6)
  2 jellies
  3 orc priests
  3 hounds
  3 iguanas (D:6)
  3 sleepcaps
  Crazy Yiuf (D:4)
  An orc wizard (D:4)
  Natasha (thrice) (D:4)
  16 adders
  8 gnolls
  7 river rats
  2 ufetubi
  3 worms
  2 dart slugs
  8 orcs
  7 bats
  7 endoplasms
  2 giant cockroaches
  6 goblins
  3 hobgoblins
  7 jackals
  12 kobolds
  6 quokkas
  16 ball pythons
  7 frilled lizards
  26 rats
  A butterfly (D:5)
198 creatures vanquished.

Vanquished Creatures (collateral kills)
  An orc wizard (D:6)
  A quokka (D:4)
2 creatures vanquished.

Vanquished Creatures (others)
  31 plants (D:6)
31 creatures vanquished.

Grand Total: 231 creatures vanquished

Notes
Turn   | Place    | Note
-------+----------+-------------------------------------------
     0 | D:1      | IdlyInterested the Demonspawn Gladiator began the quest for
                  | the Orb.
     0 | D:1      | Reached XP level 1. HP: 16/16 MP: 1/1
   158 | D:1      | Gained mutation: A meltable shield of frost defends you.
                  | (SH +4) [demonic ancestry]
   158 | D:1      | Reached XP level 2. HP: 22/22 MP: 2/2
   160 | D:1      | Reached skill level 3 in Long Blades
   192 | D:1      | Reached skill level 1 in Armour
   503 | D:1      | Reached XP level 3. HP: 28/28 MP: 3/3
  1179 | D:2      | Reached skill level 1 in Stealth
  1788 | D:3      | Gained mutation: A weak demonic guardian rushes to your
                  | aid. [demonic ancestry]
  1788 | D:3      | Reached XP level 4. HP: 34/34 MP: 4/4
  2028 | D:3      | Identified the +6 short sword of the Warrior {drain, Str+2}
  2032 | D:3      | Noticed a scorpion
  2044 | D:3      | Killed a scorpion
  2045 | D:3      | Reached skill level 4 in Long Blades
  2045 | D:3      | Reached XP level 5. HP: 41/41 MP: 5/5
  2593 | D:4      | Noticed a black bear
  2613 | D:4      | Reached XP level 6. HP: 21/47 MP: 6/6
  2712 | D:4      | Noticed Edmund
  2725 | D:4      | Killed Edmund
  2726 | D:4      | Reached skill level 5 in Long Blades
  2980 | D:4      | Reached XP level 7. HP: 54/54 MP: 7/7
  3201 | D:4      | Noticed Natasha
  3210 | D:4      | Killed Natasha
  3531 | D:4      | Found a runed translucent door.
  3532 | D:4      | Noticed Crazy Yiuf
  3707 | D:4      | Noticed Natasha
  3715 | D:4      | Killed Natasha
  3838 | D:4      | Noticed Natasha
  3844 | D:4      | Killed Natasha
  3911 | D:4      | Killed Crazy Yiuf
  3984 | D:5      | Entered Level 5 of the Dungeon
  4057 | D:5      | Found a glowing drain.
  4089 | Sewer    | Entered a sewer
  4325 | Sewer    | Reached skill level 6 in Long Blades
  4344 | Sewer    | Reached skill level 1 in Evocations
  4390 | Sewer    | Reached XP level 8. HP: 43/61 MP: 8/8
  4683 | D:5      | Found a staircase to the Ecumenical Temple.
  4689 | Temple   | Entered the Ecumenical Temple
  5256 | D:5      | Reached skill level 5 in Fighting
  5312 | D:5      | Found a sparkling altar of Nemelex Xobeh.
  5593 | D:6      | Reached skill level 7 in Long Blades
  6146 | D:6      | Reached XP level 9. HP: 38/69 MP: 9/9
  6563 | D:6      | Reached skill level 8 in Long Blades
  6566 | D:6      | Identified the +0 ring mail of Ruilifib {Int+6}
  7286 | D:7      | Reached skill level 9 in Long Blades
  7287 | D:7      | Slain by a yak

Illustrated notes

Levels and vault maps discovered:
D:1:      spicycebolla_arrival_risky_transporter, layout_loops_ring
D:2:      layout_rooms, serial_curves, eino_curves_01, eino_curves_02
D:3:      layout_loops_ring, elyvilon_altar_4
D:4:      layout_layer_cave, uniq_crazy_yiuf_cottage, uniq_natasha, uniq_edmund
D:5:      layout_loops_ring, mainiacjoe_overflow_tiny_flanked,
          minmay_temple_entry_butterflies, cheibrodos_sewer_entry_sluice
D:6:      layout_loops_ring, serial_bayou, serial_bayou_pond_c,
          serial_bayou_pond_b, serial_bayou_pond_d, serial_bayou_lake_a,
          ldierk_geyser
D:7:      layout_cave_pools, uniq_maggie
Temple:   compressed_dpeg_triangle_lava_temple

Skill      XL: |  1  2  3  4  5  6  7  8  9 |
---------------+----------------------------+-----
Long Blades    | 3 4 5 6 7 9 |  9.1
Armour         | 1 2 3 |  3.0
Stealth        | 1 2 3 |  3.0
Throwing       | 2 3 4 |  4.0
Fighting       | 3 4 5 6 |  6.8
Dodging        | 3 |  3.0
Evocations     | 1 3 4 |  4.0

Action                     |  1- 3 |  4- 6 |  7- 9 || total
---------------------------+-------+-------+-------++-------
  Melee: Long sword        |    94 |    13 |    91 ||   198
         Short sword       |       |    83 |   276 ||   359
         Punch             |       |     1 |     3 ||     4
  Throw: Dart              |     3 |     1 |     4 ||     8
         Throwing net      |       |       |     2 ||     2
         Javelin           |       |       |     1 ||     1
  Evoke: Wand              |       |       |     4 ||     4
    Use: Scroll            |     3 |     9 |     8 ||    20
         Potion            |       |     1 |     6 ||     7
   Stab: Sleeping          |     5 |     2 |     1 ||     8
         Held in net/web   |       |       |     1 ||     1
 Armour: Leather armour    |    16 |       |       ||    16
         Ring mail         |     7 |    41 |     2 ||    50
         Chain mail        |       |       |   182 ||   182
  Dodge: Dodged            |    71 |    75 |   123 ||   269
  Block: Other             |     9 |    14 |    58 ||    81
         Kite shield       |       |       |    58 ||    58

Table legend: (Time is in decaauts)
 A = Elapsed time spent in this place.
 B = Non-inter-level travel time spent in this place.
 C = Inter-level travel time spent in this place.
 D = Time resting spent in this place.
 E = Time spent auto-exploring this place.
 F = Levels seen in this place.
 G = Mean time per level.
                   A        B        C        D        E       F      G
               +--------+--------+--------+--------+--------+-----+--------+
         Total |   7331 |   6480 |    851 |    846 |   3853 |   9 |  814.6 |
       Dungeon |   6518 |   5667 |    851 |    703 |   3462 |   7 |  931.1 |
        Temple |    372 |    372 |      0 |      0 |    349 |   1 |  372.0 |
         Sewer |    440 |    440 |      0 |    143 |     42 |   1 |  440.0 |
               +--------+--------+--------+--------+--------+-----+--------+

Top non-repeatable levels by time:
     D:4: 1431 daAuts
     D:6: 1425 daAuts
     D:1: 1129 daAuts
     D:5: 835 daAuts
     D:3: 820 daAuts
     D:2: 699 daAuts
   Sewer: 440 daAuts
  Temple: 372 daAuts
     D:7: 177 daAuts
